 Dungeon Crawl Stone Soup version 0.30.1-9-gdf580d7c3d (webtiles) character file.

Game seed: 18367095875873703273

569 jagang the Ducker (level 7, -7/52 HPs)
             Began as a Human Brigand on Sept 29, 2023.
             Mangled by a gnoll
             ... wielding a +0 flail
             ... led by a gnoll bouda
              (10 damage)
             ... on level 5 of the Dungeon.
             The game lasted 00:11:31 (4303 turns).

jagang the Ducker (Human Brigand)                   Turns: 4303, Time: 00:11:32

Health: -7/52      AC:  6    Str: 11    XL:     7   Next: 60%
Magic:  7/7        EV: 13    Int: 12    God:
Gold:   153        SH:  5    Dex: 16    Spells: 6/6 levels left

rFire   . . .        k - +3 short sword
rCold   . . .        (no shield)
rNeg    . . .        f - +0 leather armour
rPois   .            C - +1 helmet
rElec   .            A - +0 cloak
rCorr   .            (no gloves)
SInv    .            (no boots)
Will    .....        z - amulet of reflection
Stlth   ++           (no ring)
HPRegen 0.28/turn    (no ring)
MPRegen 0.10/turn

%: reflection
@: weakened
A: no striking features
a: no special abilities


You were on level 5 of the Dungeon.
You visited 1 branch of the dungeon, and saw 5 of its levels.

You collected 153 gold pieces.

Inventory:

Hand Weapons
 a - a +2 dagger
 k - a +3 short sword (weapon)
 p - a +0 long sword
Missiles
 d - 7 poisoned darts
 e - 3 curare-tipped darts
 v - 4 boomerangs (quivered)
Armour
 f - a +0 leather armour (worn)
 w - a scarf of invisibility
 A - a +0 cloak (worn)
 C - a +1 helmet (worn)
Jewellery
 l - an amulet of magic regeneration
 z - an amulet of reflection (around neck)
Scrolls
 h - 2 scrolls of teleportation
 j - a scroll of immolation
 m - a scroll of fear
 q - 2 scrolls of blinking
 x - 2 scrolls of magic mapping
Potions
 i - a potion of flight {unknown}
 n - 2 potions of resistance {unknown}
 o - 3 potions of might {unknown}
 r - a potion of lignification {unknown}
 t - 2 potions of mutation {unknown}
 u - a potion of ambrosia {unknown}
 B - a potion of brilliance {unknown}


   Skills:
 + Level 3.5 Fighting
 - Level 2.0(2.7) Short Blades
 + Level 2.7(3.1) Long Blades
 + Level 3.6 Throwing
 + Level 2.7 Armour
 * Level 4.4 Dodging
 - Level 4.0 Stealth


You had 6 spell levels left.
You didn't know any spells.
Your spell library contained the following spells:

 Spells                   Type           Power      Damage    Failure   Level
 Sandblast                Erth           0%         2d4       38%         1
 Summon Small Mammal      Summ           0%         N/A       38%         1
 Cigotuvi's Dreadful Rot  Necr/Pois/Air  0%         N/A       54%         2
 Ensorcelled Hibernation  Hex/Ice        0%         N/A       54%         2
 Passwall                 Tmut/Erth      0%         N/A       54%         2
 Call Canine Familiar     Summ           0%         N/A       77%         3
 Ignite Poison            Fire/Tmut/Pois 0%         N/A       77%         3
 Spider Form              Tmut/Pois      0%         N/A       77%         3
 Stone Arrow              Conj/Erth      0%         3d7       77%         3
 Summon Guardian Golem    Hex/Summ       0%         N/A       77%         3
 Anguish                  Hex/Necr       0%         N/A       99%         4
 Freezing Cloud           Conj/Ice/Air   0%         6-21      100%        5


Dungeon Overview and Level Annotations

Branches:
Dungeon (5/15)
 Temple: D:4-7

Altars:


Message History

You block the gnoll's attack. The scorpion closely misses you.
The gnoll bouda hits you with a +0 club.
* * * LOW HITPOINT WARNING * * *
You closely miss the scorpion.
The scorpion is almost dead.
You feel sick. The gnoll hits you with a +0 flail!
* * * LOW HITPOINT WARNING * * *
The scorpion stings you but does no damage.
You block the gnoll bouda's attack.
You closely miss the scorpion.
The scorpion is almost dead.
* * * LOW HITPOINT WARNING * * *
You feel sick. The scorpion closely misses you. The gnoll misses you.
You feel better. The gnoll bouda closely misses you.
The scorpion stings you but does no damage.
The gnoll misses you.
You hit the scorpion.
You kill the scorpion!
The gnoll bouda closely misses you. The gnoll hits you with a +0 flail!
* * * LOW HITPOINT WARNING * * *
The gnoll bouda misses you.
You see here a scorpion corpse.
The gnoll completely misses you.
You see here a poisoned dart.
The gnoll attacks as you move away! You block the gnoll's attack.
You hit the gnoll bouda but do no damage.
The gnoll bouda barely misses you.
You barely miss the gnoll bouda.
The gnoll is no longer moving quickly.
The gnoll bouda gazes fiercely through you!
You feel as though you will be weak longer.
The gnoll attacks as you move away! The gnoll hits you with a +0 flail.
* * * LOW HITPOINT WARNING * * *
The gnoll bouda gazes fiercely through you!
You feel as though you will be weak longer.
The gnoll bouda hits you but does no damage.
You barely miss the gnoll bouda. You hit the gnoll bouda.
The gnoll bouda is lightly wounded.
You block the gnoll bouda's attack. The gnoll hits you with a +0 flail!
You die...

........##.#
#.#.#.#..##.#
##.......##.#
.......<..#.#
###.###...#.#
##.(.#.######
#...........#
##.##....#.####.####
#.......†(.g@.......
#........###g##.###.
#.####..## #.# #..#
..# .)..# ..# ....##
#..# ..... .#.#
##### #..#


You could see a gnoll bouda and a gnoll.

Vanquished Creatures
  2 phantoms (D:5)
  A scorpion (D:5)
  3 orc priests (D:3)
  2 iguanas (D:5)
  Robin (D:2)
  9 adders
  2 gnolls (D:4)
  3 worms
  A dart slug (D:3)
  12 orcs
  5 bats
  5 endoplasms
  4 giant cockroaches
  10 goblins
  7 hobgoblins
  4 jackals (D:2)
  3 quokkas
  4 ball pythons
  8 frilled lizards
  5 kobolds
  5 rats
96 creatures vanquished.

Notes
Turn   | Place    | Note
-------+----------+-------------------------------------------
     0 | D:1      | jagang the Human Brigand began the quest for the Orb.
     0 | D:1      | Reached XP level 1. HP: 16/16 MP: 1/1
   239 | D:1      | Reached XP level 2. HP: 21/22 MP: 2/2
   743 | D:2      | Reached XP level 3. HP: 27/27 MP: 3/3
   780 | D:2      | Reached skill level 1 in Long Blades
   808 | D:2      | Reached skill level 1 in Armour
  1035 | D:2      | Noticed Robin
  1039 | D:2      | Reached XP level 4. HP: 34/34 MP: 4/4
  1071 | D:2      | Killed Robin
  1413 | D:2      | Reached XP level 5. HP: 39/39 MP: 5/5
  2334 | D:3      | Reached XP level 6. HP: 46/46 MP: 6/6
  3721 | D:5      | Entered Level 5 of the Dungeon
  4003 | D:5      | Reached XP level 7. HP: 40/52 MP: 7/7
  4300 | D:5      | HP: 2/52 [gnoll/+0 flail[a gnoll bouda] (4)]
  4303 | D:5      | Mangled by a gnoll

Illustrated notes

Levels and vault maps discovered:
D:1:      wander_arrival_desolate, layout_loops_ring
D:2:      layout_loops_cross, uniq_robin
D:3:      layout_basic, nrook_loot_triangle
D:4:      layout_loops_cross, chequers_serial_rivers_room_b, corner_web_ring,
          dk_noncrumbling_3
D:5:      layout_loops_ring, st_stairs_10, uniq_edmund

Skill      XL: |  1  2  3  4  5  6 |
---------------+-------------------+-----
Long Blades    | 1 2 |  2.7
Armour         | 1 2 |  2.7
Dodging        | 2 3 4 |  4.4
Throwing       | 3 |  3.6
Fighting       | 3 |  3.5
Short Blades   | |  2.0
Stealth        | |  4.0

Action                     |  1- 3 |  4- 6 |  7- 9 || total
---------------------------+-------+-------+-------++-------
  Melee: Dagger            |    38 |       |       ||    38
         Punch             |     1 |     5 |       ||     6
         Short sword       |    41 |   211 |    44 ||   296
  Throw: Dart              |     5 |    14 |       ||    19
         Boomerang         |       |     3 |    10 ||    13
    Use: Scroll            |       |     9 |       ||     9
         Potion            |       |       |     3 ||     3
   Stab: Sleeping          |     5 |     5 |       ||    10
 Armour: Leather armour    |    18 |    42 |    13 ||    73
  Dodge: Dodged            |    46 |    97 |    23 ||   166
  Block: Other             |       |     8 |    13 ||    21
